AoeStats
← flo25

Arena

506910906Analyzed
2v2 RM · 16d ago on Sep 15, 2026· 40m 40s· 4 players
Game mode
Random Map
Map size
Medium (4 player)
Population
200
Speed
Normal
Resources
Standard
Victory
Conquest
Starting age
Dark Age
Ending age
Imperial Age
RankedLock teamsTeams togetherTeam positionsShared explorationLock speedFull tech treeHidden civsTurbo modeCheats
Victory
Defeat
🇬🇧 Persians · United Kingdom
954
+17
🇬🇧 Turks · United Kingdom
954
+17
🇫🇷 Goths · France
984
-17
🇫🇷 Wei · France
981
-17
MediumSizedGoose
11:58 Feudal Age
17:13 Castle Age
15:35 Bloodlines
16:10 Forging
15:56 Double-Bit Axe
17:01 Scale Barding Armor
18:55 Iron Casting
23:30 Scale Mail Armor
24:22 Wheelbarrow
24:58 Gold Mining
27:20 Town Watch
28:07 Horse Collar
34:30 Chain Barding Armor
A Nerdy Egg
12:14 Feudal Age
13:50 Double-Bit Axe
17:03 Castle Age
21:19 Imperial Age
20:17 Padded Archer Armor
26:49 Leather Archer Armor
flo25
4:09 Loom
10:12 Feudal Age
15:49 Castle Age
14:09 Double-Bit Axe
14:06 Horse Collar
16:52 Bow Saw
16:44 Heavy Plow
21:19 Pikeman
25:17 Stone Mining
25:20 Gold Mining
25:56 Squires
26:03 Scale Mail Armor
26:14 Forging
26:50 Stone Shaft Mining
28:56 Chain Mail Armor
29:17 Iron Casting
30:57 Anarchy
33:51 Imperial Age
33:15 Wheelbarrow
33:57 Halberdier
35:28 Elite Huskarl
37:23 Crop Rotation
Y4nou71
10:22 Feudal Age
16:34 Castle Age
14:39 Double-Bit Axe
14:38 Horse Collar
15:33 Gold Mining
17:34 Loom
18:40 Stone Mining
19:39 Bow Saw
20:42 Wheelbarrow
21:50 Town Watch
24:22 Scale Barding Armor
25:15 Heavy Plow
26:30 Gold Shaft Mining
27:20 Bloodlines
28:14 Tuntian
28:09 Elite Skirmisher
28:51 Fletching
29:59 Padded Archer Armor
30:11 Forging
34:38 Chain Barding Armor
34:54 Iron Casting
34:37 Leather Archer Armor
34:18 Bodkin Arrow
38:03 Pikeman
39:57 Scale Mail Armor
Connection lost

Rejoining the realm…

Still unreachable

The connection could not be restored.

Session expired

The server has moved on; the page needs a fresh start.